 Dungeon Sprint DCSS version 0.23.1-37-gaa34b87 (webtiles) character file.

Game seed: 11055672901095782170

298 nuthulu the Cleaver (level 9, -15/81 HPs)
             Began as a Formicid Fighter on Mar 20, 2019.
             Was an Elder of Qazlal.
             Demolished by Aizul (50 damage)
             ... in the Dungeon (Sprint VI: "Thunderdome").
             The game lasted 00:03:27 (540 turns).

nuthulu the Cleaver (Formicid Fighter)               Turns: 540, Time: 00:03:28

Health: -15/81     AC: 15    Str: 29    XL:     9   Next: 33%
Magic:  9/9        EV: 10    Int: 12    God:    Qazlal [****..]
Gold:   133        SH:  0    Dex: 14    Spells: 8/8 levels left

rFire    . . .     SeeInvis +   a - +0 war axe
rCold    + . .     Gourm    .   c - +0 shield
rNeg     + . .     Faith    .   b - +0 scale mail
rPois    +         Spirit   .   (helmet unavailable)
rElec    +         Reflect  +   t - +0 cloak
rCorr    .         Harm     .   d - +3 pair of gloves of Beyond {Int+4}
MR       +....                  (no boots)
Stlth    ..........             r - amulet "Sioloen" {Reflect rN+ Dex+4 SH+3}
HPRegen  0.23/turn              p - ring "Recaxkuff" {*Corrode rPois rC+ Str+3}
MPRegen  0.11/turn              q - ring of Pylih {+Fly rElec MR+ Str+4 Dex-2}

@: lethally poisoned (-15 -> -21), sleeping, repel missiles
A: permanent stasis, dig shafts and tunnels, four strong arms, antennae 3
a: Dig, Upheaval, Elemental Force, Renounce Religion, Evoke Flight


You were in the Dungeon.
You worshipped Qazlal.
Qazlal was greatly pleased with you.
You were not hungry.

You visited 1 branch You collected 600 gold pieces.
You spent 467 gold pieces at shops.

Inventory:

Hand Weapons
 a - a +0 war axe (weapon)
Armour
 b - a +0 scale mail (worn)
 c - a +0 shield (worn)
 d - the +3 pair of gloves of Beyond (worn) {Int+4}
   (You bought it in a shop in the Dungeon)

   It affects your intelligence (+4).
 t - a +0 cloak (worn)
Jewellery
 p - the ring "Recaxkuff" (left hand) {*Corrode rPois rC+ Str+3}
   (You bought it in a shop in the Dungeon)

   [ring of protection from cold]

   It affects your strength (+3).
   It protects you from cold.
   It protects you from poison.
   It may corrode you when you take damage.
 q - the ring of Pylih (right hand) {+Fly rElec MR+ Str+4 Dex-2}
   (You bought it in a shop in the Dungeon)

   [ring of flight]

   It affects your strength (+4).
   It affects your dexterity (-2).
   It insulates you from electricity.
   It affects your resistance to hostile enchantments.
   It lets you fly.
 r - the amulet "Sioloen" (around neck) {Reflect rN+ Dex+4 SH+3}
   (You bought it in a shop in the Dungeon)

   [amulet of reflection]

   It shields you and reflects attacks.
   It affects your dexterity (+4).
   It protects you from negative energy.
   It affects your SH (+3).
Wands
 l - a wand of acid (3)
 m - a wand of iceblast (3)
Scrolls
 k - 4 scrolls of blinking
 n - 3 scrolls of fog
Potions
 e - a potion of curing
 g - a potion of heal wounds
 h - 4 potions of haste
 i - 2 potions of magic
 j - a potion of berserk rage
 o - a potion of resistance
Comestibles
 f - a ration


   Skills:
 + Level 11.3 Fighting
 * Level 12.3 Axes
 + Level 11.3 Armour
 - Level 9.0 Shields


You had 8 spell levels left.
You didn't know any spells.
Your spell library was empty.

Dungeon Overview and Level Annotations

Branches:
Dungeon (1/1)

Altars:
Cheibriados
Dithmenos
Fedhas
Gozag
Kikubaaqudgha
Makhleb
Okawaru
Qazlal
Ru
Sif Muna
Trog
Uskayaw
Vehumet
Wu Jian
Xom
Yredelemnul
Zin
The Shining One
Beogh
Jiyva
Lugonu

Shops:
D *[%??*?*:[((!!!!

Annotations:
D Aizul


Innate Abilities, Weirdness & Mutations

You cannot be hasted, slowed, berserked, paralysed or teleported.
You can dig through walls and to a lower floor.
Your four strong arms can wield two-handed weapons with a shield.
You have a pair of large antennae on your head. (SInv)


Message History

Aizul is heavily wounded.
You feel sick.
Aizul is struck by lightning.
Aizul hits you! You block Aizul's attack.
Unknown command.
You hit Aizul.
Aizul is severely wounded.
You feel sick.
Aizul coils herself and waves her upper body at you.
The poison arrow misses you.
Unknown command.
You closely miss Aizul.
Aizul is severely wounded.
Aizul casts a spell at you.
You fall asleep.
You feel sick.
A naga mage comes into view. It is wielding a +0 flail.
The naga mage shouts!
Aizul barely misses you. Aizul hits you!!!
Ouch! That really hurt!
You die...

#_...)..._#
###.÷...)...###
#⌠.[....)..(.⌠#
##.8.........8.######
.......###......___∩##
....[8.# #.8........∩###
..[....###......○°.....##
....###..[###..§..☼....⌠#
....# #.<.# #...@S°....⌠#
[÷..###...###...○○.....N#
.).÷...###......☼......##
.....8.# #.8.[......∩###
_......###......___∩##
##.8.........8.######
#⌠....[......⌠#
###.........###
#)......._#


You could see Aizul and a naga mage.

Vanquished Creatures
  Josephine (D)
  A kobold demonologist (D)
  Sigmund (D)
  A necrophage (D)
  4 big kobolds (D)
  A gnoll sergeant (D)
  3 wights (D)
  2 hounds (D)
  Crazy Yiuf (D)
  A worker ant (D)
  2 gnolls (D)
  An adder (D)
  2 adder skeletons (D)
  An orc (D)
  A kobold (D)
  A quokka zombie (D)
24 creatures vanquished.

Notes
Turn   | Place    | Note
-------+----------+-------------------------------------------
     0 | D        | nuthulu the Formicid Fighter began the quest for the Orb.
     0 | D        | Reached XP level 1. HP: 18/18 MP: 1/1
     1 | D        | Found a corrupted altar of Lugonu.
     2 | D        | Found an iron altar of Okawaru.
     2 | D        | Found an ornate altar of the Wu Jian Council.
     3 | D        | Found a radiant altar of Vehumet.
     3 | D        | Found a hide-covered altar of Uskayaw.
     4 | D        | Found Moameo's Identification Station.
     4 | D        | Found a snail-covered altar of Cheibriados.
     4 | D        | Found Wiahaeqi's Delicious Food.
     5 | D        | Found Lodorouj's Advanced Armour.
     5 | D        | Found Geshraeva's Jewellery.
     5 | D        | Found a stormy altar of Qazlal.
     5 | D        | Round 1.
     9 | D        | Found a glowing golden altar of the Shining One.
    14 | D        | Bought a transparent steel ring for 45 gold pieces
    14 | D        | Bought a fine glass ring for 45 gold pieces
    14 | D        | Bought a glittering brass amulet for 45 gold pieces
    14 | D        | Identified the amulet "Sioloen" {Reflect rN+ Dex+4 SH+3}
                  | (You bought it in a shop in the Dungeon)
    15 | D        | Identified the ring "Recaxkuff" {*Corrode rPois rC+ Str+3}
                  | (You bought it in a shop in the Dungeon)
    16 | D        | Identified the ring of Pylih {+Fly rElec MR+ Str+4 Dex-2}
                  | (You bought it in a shop in the Dungeon)
    24 | D        | Found a shadowy altar of Dithmenos.
    25 | D        | Found a basalt altar of Yredelemnul.
    25 | D        | Noticed a worker ant
    26 | D        | Found Zuogh's Magic Scroll Shop.
    28 | D        | Found a bloodstained altar of Trog.
    28 | D        | Found a deep blue altar of Sif Muna.
    28 | D        | Found Pefydoam's Staff Store.
    29 | D        | Found Jafuores's Magic Scroll Shop.
    29 | D        | Found Ywiurako's Must-Have Magic.
    39 | D        | Killed a worker ant
    39 | D        | Reached skill level 3 in Axes
    39 | D        | Reached skill level 5 in Shields
    39 | D        | Reached XP level 2. HP: 26/26 MP: 2/2
    39 | D        | Reached XP level 3. HP: 31/31 MP: 3/3
    41 | D        | Noticed Sigmund
    59 | D        | Killed Sigmund
    59 | D        | Reached skill level 5 in Axes
    59 | D        | Reached XP level 4. HP: 36/43 MP: 4/4
    59 | D        | Reached XP level 5. HP: 41/48 MP: 5/5
    59 | D        | Reached XP level 6. HP: 47/55 MP: 6/6
    73 | D        | Found a roughly hewn altar of Beogh.
    73 | D        | Found a burning altar of Makhleb.
    73 | D        | Found a glowing silver altar of Zin.
    73 | D        | Found Byuq's Premium Goods.
    73 | D        | Found Kipsallu's Weapon Rack.
    74 | D        | Found Viabburo's Miscellaneous Merchandise.
    74 | D        | Found Vuorokip's Basic Armour.
    76 | D        | Arena points: 12 (+12) [x2]
    82 | D        | Found a shimmering altar of Xom.
    83 | D        | Found a sacrificial altar of Ru.
    84 | D        | Found a viscous altar of Jiyva.
    85 | D        | Found Awiosevo's Do-It-Yourself Clinic.
    86 | D        | Found Jumoucio's Bottled Wisdom.
    86 | D        | Found Cetz's Distillery.
    86 | D        | Found a blossoming altar of Fedhas.
    86 | D        | Found an opulent altar of Gozag.
    86 | D        | Found an ancient bone altar of Kikubaaqudgha.
    86 | D        | Found Suqeegga's Distillery.
    99 | D        | Round 2.
   114 | D        | Became a worshipper of Qazlal Stormbringer
   123 | D        | Reached skill level 6 in Axes
   142 | D        | Noticed Crazy Yiuf
   149 | D        | Killed Crazy Yiuf
   149 | D        | Reached * piety under Qazlal
   163 | D        | Reached skill level 7 in Axes
   184 | D        | Reached ** piety under Qazlal
   184 | D        | Arena points: 54 (+42) [x3]
   184 | D        | Reached XP level 7. HP: 53/62 MP: 7/7
   249 | D        | Round 3.
   266 | D        | Noticed a kobold demonologist
   274 | D        | Noticed an orange demon
   276 | D        | Noticed a hellwing
   279 | D        | Killed a kobold demonologist
   279 | D        | Reached skill level 9 in Axes
   295 | D        | Reached XP level 8. HP: 27/72 MP: 8/8
   297 | D        | Reached *** piety under Qazlal
   297 | D        | Reached skill level 10 in Axes
   324 | D        | Arena points: 138 (+84) [x4]
   324 | D        | Reached skill level 10 in Fighting
   324 | D        | Reached skill level 10 in Armour
   374 | D        | Round 4.
   418 | D        | Reached **** piety under Qazlal
   450 | D        | Noticed Josephine
   459 | D        | Killed Josephine
   459 | D        | Reached skill level 12 in Axes
   459 | D        | Reached XP level 9. HP: 66/81 MP: 9/9
   480 | D        | Arena points: 298 (+160) [x5]
   501 | D        | Bought a pair of polished gloves for 332 gold pieces
   506 | D        | Identified the +3 pair of gloves of Beyond {Int+4} (You
                  | bought it in a shop in the Dungeon)
   525 | D        | Round 5.
   527 | D        | Noticed Aizul
   540 | D        | Noticed a naga mage
   540 | D        | Demolished by Aizul

Skill      XL: |  1  2  3  4  5  6  7  8 |
---------------+-------------------------+-----
Shields        | 5 7 9 |  9.0
Fighting       | 4 7 8 9 11 | 11.3
Axes           | 3 5 7 9 12 | 12.3
Armour         | 4 7 8 9 11 | 11.3

Action                   |  1- 3 |  4- 6 |  7- 9 || total
-------------------------+-------+-------+-------++-------
Melee: War axe           |    27 |    31 |    54 ||   112
Evoke: Wand              |       |       |     4 ||     4
  Use: Potion            |     1 |       |     3 ||     4
Armor: Scale mail        |    11 |     5 |    19 ||    35
Dodge: Dodged            |     8 |     8 |    19 ||    35
Block: Shield            |    16 |    23 |    56 ||    95
       Reflection        |     1 |       |     2 ||     3
